 Dungeon Crawl Stone Soup version 0.23-a0-301-g9da9e51 (webtiles) character file.

5728 andthrax the Transmogrifier (level 10, -4/84 HPs)
             Began as a Yellow Draconian Transmuter on Oct 8, 2018.
             Was a Priest of Okawaru.
             Killed from afar by an orc wizard (8 damage)
             ... with a magic dart
             ... on level 10 of the Dungeon.
             The game lasted 02:28:23 (12678 turns).

andthrax the Transmogrifier (DrTm)                 Turns: 12678, Time: 02:28:24

Health: -4/84      AC:  9    Str: 12    XL:     10   Next: 48%
Magic:  20/21      EV: 19    Int: 15    God:    Okawaru [***...]
Gold:   383        SH:  0    Dex: 14    Spells: 12/24 levels left

rFire    . . .     SeeInvis .     - Unarmed
rCold    . . .     Gourm    .   (no shield)
rNeg     . . .     Faith    .   (armour unavailable)
rPois    .         Spirit   .   (helmet restricted)
rElec    .         Reflect  .   (no cloak)
rCorr    +         Harm     .   q - +0 pair of gloves
MR       .....                  b - +0 pair of boots
Stlth    ++++......             (no amulet)
HPRegen  0.24/turn              g - ring of stealth
MPRegen  0.17/turn              (no ring)

@: short of breath, appendage (expiring), heroism
A: spit acid, acid resistance, unfitting armour, horns 2, cold-blooded, AC +7
a: Breathe Acid, End Transformation, Heroism, Renounce Religion


You were on level 10 of the Dungeon.
You worshipped Okawaru.
Okawaru was most pleased with you.
You were not hungry.
You had grown temporary horns.
You visited 2 branches of the dungeon, and saw 11 of its levels.

You collected 383 gold pieces.

Inventory:

Hand Weapons
 n - a +1 dagger of pain
 p - a +1 mace of protection
Missiles
 a - 153 arrows
 u - 4 silver tomahawks (quivered)
Armour
 b - a +0 pair of boots (worn)
 i - a +0 cloak
 o - the +2 pair of boots "Lueheul" {rElec rCorr Str-5 Dex+2}
   (You found it on level 4 of the Dungeon)

   It affects your strength (-5).
   It affects your dexterity (+2).
   It insulates you from electricity.
   It provides partial protection from all sources of acid and corrosion.
 q - a +0 pair of gloves (worn)
 y - a +2 pair of boots
 z - a +2 hat
Jewellery
 g - a ring of stealth (left hand)
Wands
 v - a wand of disintegration (14)
Scrolls
 e - 3 scrolls of enchant armour
 f - 2 scrolls of amnesia
 l - 3 scrolls of fear
 r - 3 scrolls of fog
 s - a scroll of noise {unknown}
 t - 3 scrolls of remove curse {unknown}
 x - a scroll of vulnerability {unknown}
Potions
 d - a potion of lignification {unknown}
 h - a potion of ambrosia {unknown}
 j - a potion of resistance {unknown}
 k - 3 potions of curing
 m - a potion of magic {unknown}
 w - a potion of flight {unknown}
 A - a potion of berserk rage {unknown}
Comestibles
 c - 11 rations
 B - 3 chunks of flesh


   Skills:
 + Level 6.3(11.3) Fighting
 + Level 5.6(10.6) Dodging
   Level 0.3(5.3) Shields
 + Level 6.7(11.7) Unarmed Combat
 + Level 7.8 Spellcasting
 + Level 8.4 Transmutations
 - Level 2.0 Ice Magic
 * Level 2.1 Invocations


You had 12 spell levels left.
You knew the following spells:

 Your Spells              Type           Power        Failure   Level  Hunger
a - Beastly Appendage     Tmut           ####..       1%          1    None
b - Sticks to Snakes      Tmut           ####....     1%          2    None
c - Ice Form              Ice/Tmut       ###.....     14%         4    ####...
d - Blade Hands           Tmut           ####......   11%         5    #####..

Your spell library contained the following spells:

 Spells                   Type           Power        Failure   Level  Hunger
 Spider Form              Tmut/Pois      ###.......   6%          3    ##.....


Dungeon Overview and Level Annotations

Branches:
Dungeon (10/15)            Temple (1/1) D:5
   Lair: D:8-11         Orc: D:9-12

Altars:
Ashenzari
Cheibriados
Dithmenos
Elyvilon
Fedhas
Gozag
Hepliaklqana
Kikubaaqudgha
Makhleb
Nemelex Xobeh
Okawaru
Qazlal
Ru
Sif Muna
Trog
Uskayaw
Vehumet
Wu Jian
Xom
Yredelemnul
Zin
The Shining One


Innate Abilities, Weirdness & Mutations

You can spit globs of acid.
You are resistant to acid.
Your golden yellow scales are hard. (AC +7)
You cannot fit into any form of body armour.
You are cold-blooded and may be slowed by cold attacks.
You have a pair of horns on your head.


Message History

Press: ? - help, Shift-Dir - straight line, f - orc
Aim: an orc, wielding a club and wearing a chain mail (almost dead)
You spit a glob of acid.
The glob of acid hits the orc.
The orc is splashed with acid.
You kill the orc!
Okawaru accepts your kill.
You feel somewhat more hungry. The orc closely misses you.
The orc wizard points at you and mumbles some strange words.
The magic dart hits you!
* * * LOW HITPOINT WARNING * * *
The orc priest hits you with an enchanted morningstar.
* * * LOW HITPOINT WARNING * * *
The orc wizard casts a spell at you.
You easily resist.
The orc wizard casts a spell.
The orc wizard blinks!
Your transformation is almost over.
The orc wizard gestures at you while chanting.
The magic dart hits you!
You die...

#.. #. #..## ..
....##.# # #.....
#.##.....
.......o###
.......)..###
.##...<#o..######..
#...รท###o@.......
#....# #######...
#....# #.....
##...o #.#.#.
#.#.## .....


You could see an orc priest, an orc wizard and an orc.

Vanquished Creatures
  A two-headed ogre (D:9)
  Pikel (D:8)
  A troll (D:7)
  Prince Ribbit (D:5)
  A hornet (D:8)
  2 hippogriffs
  A wyvern (D:9)
  A yak (D:8)
  A spriggan (D:8)
  A hungry ghost (D:7)
  2 water moccasins
  An orc warrior (D:6)
  An ice beast (D:9)
  A sky beast (D:9)
  2 ogres
  2 phantoms
  2 centaurs
  A big kobold (D:9)
  4 bullfrogs
  A gnoll sergeant (D:7)
  3 scorpions
  A wight (D:9)
  3 electric eels (D:8)
  A howler monkey (D:4)
  6 crimson imps
  6 orc priests
  3 hounds
  An iguana (D:7)
  7 orc wizards
  3 bullfrog skeletons (D:6)
  2 centaur skeletons
  An iron imp (D:6)
  3 worker ants
  A hound skeleton (D:8)
  A howler monkey zombie (D:6)
  6 gnolls
  3 adders
  A shadow imp (D:5)
  3 oozes
  2 adder skeletons (D:4)
  An adder zombie (D:7)
  4 worms
  3 dart slugs
  6 leopard geckos
  32 orcs
  5 ball pythons
  4 bats
  4 giant cockroaches
  7 goblins
  4 hobgoblins
  7 jackals
  4 quokkas
  A ball python skeleton (D:5)
  6 frilled lizards
  7 kobolds
  4 rats
184 creatures vanquished.

Vanquished Creatures (collateral kills)
  2 yaks (D:8)
  A jelly (D:8)
  An orc priest (D:6)
  2 gnolls (D:4)
  2 adders
  2 leopard geckos
  An orc (D:3)
  A goblin (D:3)
  2 kobolds
  A bat (D:2)
  A frilled lizard (D:3)
  A rat (D:2)
17 creatures vanquished.

Vanquished Creatures (others)
  A slave (D:8)
  A crimson imp (D:7)
  An adder (D:8)
3 creatures vanquished.

Grand Total: 204 creatures vanquished

Notes
Turn   | Place    | Note
-------+----------+-------------------------------------------
     0 | D:1      | andthrax the Draconian Transmuter began the quest for the
                  | Orb.
     0 | D:1      | Reached XP level 1. HP: 16/16 MP: 3/3
   213 | D:1      | Reached XP level 2. HP: 23/23 MP: 3/5
   223 | D:1      | Learned a level 2 spell: Sticks to Snakes
   480 | D:1      | Reached XP level 3. HP: 28/28 MP: 4/6
  1042 | D:2      | Reached XP level 4. HP: 36/36 MP: 2/8
  1229 | D:2      | Reached skill level 3 in Transmutations
  1250 | D:2      | Learned a level 4 spell: Ice Form
  1441 | D:3      | Reached XP level 5. HP: 38/41 MP: 7/9
  2306 | D:4      | Got a pair of dazzling boots
  2452 | D:4      | Identified the +2 pair of boots "Lueheul" {rElec rCorr
                  | Str-5 Dex+2} (You found it on level 4 of the Dungeon)
  2982 | D:4      | Reached skill level 1 in Ice Magic
  3003 | D:4      | Reached XP level 6. HP: 50/50 MP: 9/11
  3017 | D:4      | Found an ancient bone altar of Kikubaaqudgha.
  3403 | D:5      | Entered Level 5 of the Dungeon
  3496 | D:5      | Found a staircase to the Ecumenical Temple.
  3502 | Temple   | Entered the Ecumenical Temple
  3727 | Temple   | Became a worshipper of Warmaster Okawaru
  4010 | D:5      | Reached skill level 4 in Transmutations
  4239 | D:5      | Found a burning altar of Makhleb.
  4544 | D:4      | Your scales start taking on a golden yellow colour.
  4544 | D:4      | Reached XP level 7. HP: 43/56 MP: 13/13
  4937 | D:5      | Noticed Prince Ribbit
  5458 | D:6      | Found a snail-covered altar of Cheibriados.
  5709 | D:6      | Found a white marble altar of Elyvilon.
  5780 | D:6      | Reached * piety under Okawaru
  6027 | D:6      | Reached skill level 5 in Transmutations
  6027 | D:6      | Reached XP level 8. HP: 51/64 MP: 15/15
  6163 | D:6      | Found a shadowy altar of Dithmenos.
  6196 | D:6      | Found a blossoming altar of Fedhas.
  6382 | D:6      | Reached skill level 5 in Spellcasting
  7193 | D:5      | Killed Prince Ribbit
  7272 | D:7      | Noticed a hippogriff
  7300 | D:7      | Reached skill level 5 in Unarmed Combat
  7304 | D:7      | Killed a hippogriff
  7304 | D:7      | Reached skill level 6 in Transmutations
  7827 | D:7      | Learned a level 5 spell: Blade Hands
  7968 | D:7      | Reached ** piety under Okawaru
  8266 | D:7      | Reached XP level 9. HP: 56/72 MP: 10/18
  8290 | D:7      | Noticed a troll
  8304 | D:7      | Killed a troll
  8498 | D:7      | Reached skill level 5 in Fighting
  8672 | D:7      | Found a shadowy altar of Dithmenos.
  8868 | D:7      | Noticed Pikel
  8883 | D:8      | Killed Pikel
  8883 | D:8      | Reached skill level 7 in Transmutations
  9349 | D:8      | HP: 1/74 [electric eel/bolt of electricity (8)]
  9887 | D:8      | Reached *** piety under Okawaru
  9908 | D:8      | Reached skill level 5 in Dodging
 10616 | D:8      | Paralysed by a hornet for 3 turns
 10620 | D:8      | Reached XP level 10. HP: 43/83 MP: 19/21
 10838 | D:8      | Reached skill level 8 in Transmutations
 12114 | D:9      | Noticed a two-headed ogre
 12150 | D:9      | Killed a two-headed ogre
 12150 | D:9      | Reached skill level 1 in Invocations
 12361 | D:9      | Noticed a death knight
 12368 | D:9      | Reached **** piety under Okawaru
 12377 | D:9      | HP: 2/84 [death knight/enchanted battleaxe (10)]
 12381 | D:10     | Entered Level 10 of the Dungeon
 12674 | D:10     | HP: 3/84 [orc priest/enchanted morningstar (6)]
 12678 | D:10     | Killed from afar by an orc wizard

Vault maps used:
D:1:      dpeg_arrival_tiny_g
D:4:      lemuel_crystal_altar, first_ration
D:5:      minmay_temple_entry_statues_pillars, bloody_makhleb,
          uniq_prince_ribbit1
D:6:      kennysheep_mini, slow_altar_1, basic_altar,
          fedhas_bush_and_centaur_altar
D:7:      lemuel_doored_altar, uniq_pikel
D:8:      grunt_pizzeria, serial_bayou_lake_a
D:9:      cheibrodos_ideogram_h
D:10:     minmay_diamond_spiral
Temple:   dpeg_five_rooms_temple

Skill      XL: |  1  2  3  4  5  6  7  8  9 10 |
---------------+-------------------------------+-----
Dodging        | 2 3 4 5 |  5.6
Transmutations | 3 4 5 6 7 8 |  8.4
Spellcasting   | 3 4 6 7 |  7.8
Fighting       | 2 3 4 5 6 |  6.3
Ice Magic      | 1 2 |  2.0
Unarmed Combat | 4 5 6 |  6.7
Invocations    | 2 |  2.1
Shields        | |  0.3

Action                   |  1- 3 |  4- 6 |  7- 9 | 10-12 || total
-------------------------+-------+-------+-------+-------++-------
Melee: Unarmed           |   106 |   232 |   521 |   133 ||   992
       Kick              |     6 |     9 |       |       ||    15
       Headbutt          |     6 |    24 |    63 |    12 ||   105
       Tailslap          |     6 |    26 |    63 |    20 ||   115
       Punch             |     1 |     4 |     5 |     3 ||    13
 Cast: Beastly Appendage |    19 |    37 |    35 |     7 ||    98
       Sticks to Snakes  |     5 |    19 |    19 |     1 ||    44
       Ice Form          |       |       |     3 |       ||     3
       Blade Hands       |       |       |     5 |     5 ||    10
Invok: Heroism           |       |       |     4 |     5 ||     9
 Abil: Breathe Acid      |       |       |     3 |     2 ||     5
  Use: Scroll            |       |     9 |     4 |       ||    13
       Potion            |       |     3 |     6 |       ||     9
 Stab: Sleeping          |       |       |       |     1 ||     1
  Eat: Chunk             |     1 |     6 |    15 |     4 ||    26
       Ration            |       |     2 |     3 |     2 ||     7
Armor: Skin              |    23 |    44 |   118 |    27 ||   212
Dodge: Dodged            |    60 |   137 |   276 |    94 ||   567

Table legend:
 A = Non-vault XP
 B = Vault XP
 C = Vault XP percentage of total XP
 D = Non-vault monster count
 E = Vault monster count
 F = Vault count percentage of total count
                 A         B        C        D         E       F
            +---------+---------+-------+---------+---------+-------
      Total |    5133 |    3050 |  37.3 |     186 |      15 |   7.5
            +---------+---------+-------+---------+---------+-------
        D:1 |      49 |       0 |   0.0 |      22 |       0 |   0.0
        D:2 |      94 |       0 |   0.0 |      32 |       0 |   0.0
        D:3 |      90 |       0 |   0.0 |      17 |       0 |   0.0
        D:4 |     268 |       0 |   0.0 |      16 |       0 |   0.0
        D:5 |     498 |     277 |  35.7 |      22 |       1 |   4.3
        D:6 |     650 |     149 |  18.6 |      23 |       2 |   8.0
        D:7 |    1479 |       0 |   0.0 |      27 |       0 |   0.0
        D:8 |    1718 |     856 |  33.3 |      23 |       2 |   8.0
        D:9 |     244 |    1768 |  87.9 |       2 |      10 |  83.3
       D:10 |      43 |       0 |   0.0 |       2 |       0 |   0.0
            +---------+---------+-------+---------+---------+-------
